 Dungeon Crawl Stone Soup version 0.31-a0-978-g1e143483b6 (webtiles) character file.

Game seed: 12633135173950366246

1989 Arzdou the Mimic (level 9, 0/58 HPs)
             Began as an Octopode Shapeshifter on Oct 30, 2023.
             Was an Initiate of Gozag.
             Slain by a sixfirhy (5 damage)
             ... summoned by a kobold demonologist
             ... in a bailey.
             The game lasted 00:11:58 (5337 turns).

Arzdou the Mimic (Octopode Shapeshifter)            Turns: 5337, Time: 00:11:58

Health: 0/58       AC: 15    Str: 15    XL:     9   Next: 21%
Magic:  9/9        EV: 13    Int: 12    God:    Gozag
Gold:   768        SH:  0    Dex: 11    Spells: 8/8 levels left

rFire   + + +        l - +7 staff of the Meek {protect, meekguard}
rCold   + . .        (shield currently unavailable)
rNeg    . . .        (helmet restricted)
rPois   .            (no amulet)
rElec   .            f - ring of protection from fire
rCorr   +            q - ring "Hythrehu" {rF+++ rC+ rCorr Dex-3 SInv}
SInv    +            (no ring)
Will    .....        (no ring)
Stlth   ++           (no ring)
HPRegen 0.29/turn    (no ring)
MPRegen 0.11/turn    (no ring)
                     (no ring)

%: no passive effects
@: maw-form, under a protective aura
A: devouring maw, almost no armour, amphibious, 8 rings, camouflage 1,
gelatinous body 1, (nimble swimmer 1), tentacles
a: Begin Untransformation, Renounce Religion, Potion Petition, Call Merchant,
Bribe Branch


You were in a bailey.
You worshipped Gozag.
Gozag was pleased with you.
You were a creature with a mouth for a stomach.
You visited 2 branches of the dungeon, and saw 8 of its levels.
You also visited: Bailey.

You collected 810 gold pieces.
You paid 42 gold pieces to Gozag.

Inventory:

Hand Weapons
 a - a +2 sling of flaming
 l - the +7 staff of the Meek (weapon) {protect, meekguard}
   (You found it on level 3 of the Dungeon)
Missiles
 u - a throwing net
Armour
 m - the +8 kite shield of Kochu {Dex+2 Slay+3}
   (You acquired it on level 4 of the Dungeon)

   Dex+2:     It affects your dexterity (+2).
   Slay+3:    It affects your accuracy & damage with ranged weapons and melee
   (+3).
Jewellery
 f - a ring of protection from fire (left tentacle)
 q - the ring "Hythrehu" (right tentacle) {rF+++ rC+ rCorr Dex-3 SInv}
   (You found it on level 5 of the Dungeon)

   [ring of protection from cold]

   Dex-3:     It affects your dexterity (-3).
   rF+++:     It renders you almost immune to fire.
   rC+:       It protects you from cold.
   SInv:      It lets you see invisible.
   rCorr:     It protects you from acid and corrosion.
Talismans
 b - a beast talisman
 c - a flux talisman
 r - a maw talisman (active)
Wands
 w - a wand of iceblast (8)
 x - a wand of flame (13)
Scrolls
 d - 2 scrolls of teleportation
 i - 3 scrolls of vulnerability
 j - 2 scrolls of fear
 n - a scroll of noise {unknown}
 p - a scroll of fog {unknown}
 s - 2 scrolls of brand weapon {unknown}
 y - 2 scrolls of identify
 z - a scroll of blinking {unknown}
 C - a scroll of immolation {unknown}
Potions
 e - 6 potions of curing {unknown}
 g - 2 potions of attraction {unknown}
 h - 2 potions of cancellation {unknown}
 k - 2 potions of lignification
 o - a potion of might {unknown}
 t - 2 potions of heal wounds {unknown}
 v - 2 potions of magic {unknown}
 A - a potion of enlightenment {unknown}
 B - a potion of mutation {unknown}


   Skills:
 + Level 4.0 Fighting
 + Level 3.3 Staves
 - Level 2.0 Dodging
 - Level 1.3 Shields
 - Level 3.0 Unarmed Combat
 - Level 10.0 Shapeshifting


You had 8 spell levels left.
You didn't know any spells.
Your spell library contained the following spells:

 Spells                   Type           Power      Damage    Failure   Level
 Magic Dart               Conj           0%         1d3       32%         1
 Call Imp                 Summ           0%         N/A       45%         2
 Static Discharge         Conj/Air       0%         3-3/arc   45%         2
 Mephitic Cloud           Conj/Pois/Air  0%         N/A       69%         3
 Stone Arrow              Conj/Erth      0%         3d7       69%         3
 Summon Guardian Golem    Hex/Summ       0%         N/A       69%         3
 Tukima's Dance           Hex            0%         N/A       69%         3
 Airstrike                Air            0%         2d(0-16)  97%         4
 Dimensional Bullseye     Hex/Tloc       0%         N/A       97%         4
 Iskenderun's Mystic Bla  Conj/Tloc      0%         2d3       97%         4
 Summon Lightning Spire   Summ/Air       0%         N/A       97%         4
 Orb of Destruction       Conj           0%         9d5       100%        7
 Spellforged Servitor     Conj/Summ      0%         N/A       100%        7
 Lehudib's Crystal Spear  Conj/Erth      0%         10d2      100%        8
 Animate Armour           Summ/Erth      Unusable   N/A       N/A         4

Dungeon Overview and Level Annotations

Branches:
Dungeon (7/15)             Temple (1/1) D:5          Bailey (1/1)

Altars:
Ashenzari
Cheibriados
Dithmenos
Elyvilon
Fedhas
Gozag
Hepliaklqana
Kikubaaqudgha
Makhleb
Nemelex Xobeh
Okawaru
Qazlal
Ru
Sif Muna
Trog
Uskayaw
Vehumet
Wu Jian
Xom
Yredelemnul
Zin
The Shining One

Annotations:
D:2 Sigmund


Innate Abilities, Weirdness & Mutations

You are a creature with a mouth for a stomach.
Your midsection houses a second, enormous mouth.
You cannot wear most types of armour.
You are amphibious.
You can wear up to eight rings at the same time.
Your skin changes colour to match your surroundings (Stealth+).
Your rubbery body absorbs attacks. (AC +1, EV +1)
((You are camouflaged when in or above water. (Stealth+)))
You have tentacles for arms and can constrict up to eight enemies at once.


Message History

A kobold demonologist comes into view. It is wielding a +0 war axe.
Found 18 gold pieces.
There is an open door here.
You see here 18 gold pieces.
There is an open door here.
Found a gate leading back out of this place.
You hit the kobold demonologist but do no damage.
Your weapon exudes an aura of protection.
Your grab misses the kobold demonologist.
Your squeeze misses the kobold demonologist.
The kobold demonologist hits you with a +0 war axe.
You hit the kobold demonologist. You grab the kobold demonologist.
You squeeze the kobold demonologist, but do no damage.
You bite the kobold demonologist.
The kobold demonologist is lightly wounded.
You constrict the kobold demonologist. The kobold demonologist misses you.
You sock the kobold demonologist! You squeeze the kobold demonologist!
You bite the kobold demonologist.
The kobold demonologist is heavily wounded.
You constrict the kobold demonologist, but do no damage.
The kobold demonologist casts a spell.
You hit the kobold demonologist.
You bite the kobold demonologist, but do no damage.
The kobold demonologist is severely wounded.
You constrict the kobold demonologist, but do no damage.
The sixfirhy hits you. The sixfirhy shocks you!
The kobold demonologist hits you with a +0 war axe.
The sixfirhy hits you. The sixfirhy shocks you!
You hit the kobold demonologist but do no damage.
The kobold demonologist is severely wounded.
You constrict the kobold demonologist. The sixfirhy hits you!
* * * LOW HITPOINT WARNING * * *
The sixfirhy shocks you!
* * * LOW HITPOINT WARNING * * *
The sixfirhy barely misses you. The sixfirhy closely misses you.
The sixfirhy barely misses you.
The kobold demonologist mumbles some strange words.
The sixfirhy hits you.
You die...
Your body crumbles into a pile of gold.

#.~≈≈≈≈≈≈≈≈
#.~≈≈≈≈≈≈≈≈
#.~≈≈≈≈≈≈≈≈
#.~≈≈≈≈≈≈≈≈
##+#'#≈≈≈≈≈≈≈≈
#...)#≈≈≈≈≈≈≈≈ #
#....#≈≈≈≈≈≈≈S
.######3.###≈≈≈≈≈≈≈≈
∩....3KW.'$# ≈≈≈≈≈
~~~~~~###### ≈≈≈≈
≈≈≈≈≈≈ ≈≈≈≈≈ ≈≈≈ ≈≈
≈


You could see a sun demon (summoned), a kobold demonologist and a sixfirhy
(summoned).

Vanquished Creatures
  Maggie (D:6)
  An ice beast (D:4)
  A sky beast (D:7)
  2 black bears (D:6)
  2 orc warriors (Bailey)
  An ogre (D:4)
  A centaur (D:6)
  A phantom (D:6)
  A bullfrog (D:7)
  4 scorpions
  3 hounds (D:5)
  3 jellies
  2 orc priests
  An iguana (D:6)
  2 orc wizards
  2 sleepcaps (D:6)
  Natasha (D:2)
  7 gnolls
  9 adders
  2 ufetubi (D:7)
  2 worms
  3 dart slugs
  19 orcs
  7 ball pythons
  A bat (D:3)
  5 endoplasms
  A giant cockroach (D:1)
  9 hobgoblins
  2 jackals (D:3)
  2 quokkas
  2 frilled lizards
  4 goblins
  3 kobolds
  3 rats
110 creatures vanquished.

Notes
Turn   | Place    | Note
-------+----------+-------------------------------------------
     0 | D:1      | Arzdou the Octopode Shapeshifter began the quest for the
                  | Orb.
     0 | D:1      | Reached XP level 1. HP: 13/13 MP: 1/1
   432 | D:1      | Reached XP level 2. HP: 18/18 MP: 2/2
   782 | D:2      | Reached XP level 3. HP: 22/23 MP: 3/3
   804 | D:2      | Reached skill level 4 in Shapeshifting
   894 | D:2      | Noticed Natasha
   899 | D:2      | Killed Natasha
   931 | D:2      | Noticed Sigmund
   955 | D:3      | Reached XP level 4. HP: 10/28 MP: 4/4
  1084 | D:3      | Reached skill level 5 in Shapeshifting
  1153 | D:3      | Found the +7 staff of the Meek {protect, meekguard}
  1410 | D:3      | Found a shimmering blue altar of Sif Muna.
  1410 | D:3      | Found a basalt altar of Yredelemnul.
  1410 | D:3      | Found a sparkling altar of Nemelex Xobeh.
  1414 | D:3      | Found a stormy altar of Qazlal.
  1431 | D:3      | Found an ancient bone altar of Kikubaaqudgha.
  1431 | D:3      | Found a hide-covered altar of Uskayaw.
  1435 | D:3      | Found a glowing silver altar of Zin.
  1436 | D:3      | Found an opulent altar of Gozag.
  1443 | D:3      | Became a worshipper of Gozag Ym Sagoz the Greedy
  1494 | D:3      | Reached XP level 5. HP: 31/33 MP: 5/5
  1735 | D:4      | Noticed an ogre
  1741 | D:4      | Killed an ogre
  1742 | D:4      | Reached skill level 6 in Shapeshifting
  1742 | D:4      | Reached XP level 6. HP: 13/38 MP: 6/6
  2122 | D:4      | Identified a scroll of acquirement
  2123 | D:4      | Acquired the +8 kite shield of Kochu {Dex+2 Slay+3}
  2179 | D:4      | Noticed an ice beast
  2185 | D:4      | Killed an ice beast
  2186 | D:4      | Reached skill level 7 in Shapeshifting
  2463 | D:5      | Entered Level 5 of the Dungeon
  2472 | D:5      | Reached XP level 7. HP: 35/43 MP: 7/7
  2508 | D:5      | Found a staircase to the Ecumenical Temple.
  2529 | D:5      | Identified the ring "Hythrehu" {rF+++ rC+ rCorr Dex-3 SInv}
  2958 | D:5      | Reached skill level 8 in Shapeshifting
  3361 | Temple   | Entered the Ecumenical Temple
  3408 | D:6      | Noticed Maggie
  3741 | D:6      | Reached XP level 8. HP: 44/48 MP: 8/8
  3767 | D:6      | Killed Maggie
  3768 | D:6      | Reached skill level 9 in Shapeshifting
  4133 | D:6      | Reached skill level 10 in Shapeshifting
  4178 | D:6      | Reached skill level 1 in Shields
  4454 | D:6      | Reached skill level 1 in Staves
  4996 | D:7      | Reached XP level 9. HP: 53/56 MP: 9/9
  5036 | D:7      | Found a flagged portal.
  5127 | Bailey   | Entered a bailey
  5327 | Bailey   | Noticed a kobold demonologist
  5336 | Bailey   | Noticed a sixfirhy
  5337 | Bailey   | Slain by a sixfirhy

Illustrated notes

Levels and vault maps discovered:
D:1:      wander_arrival_desolate, layout_loops_cross
D:2:      layout_basic, basic_altar, uniq_natasha, uniq_sigmund
D:3:      layout_rooms, nicolae_overflow_hallway_of_the_gods,
          pf_guarded_unrand_meek
D:4:      layout_basic
D:5:      layout_loops_cross, temple_pool_b, grunt_ministairs_9
D:6:      layout_basic, uniq_maggie
D:7:      layout_rooms, enter_bailey_4, minmay_fractal_squares_gapless_5
Temple:   zaba_magenta_temple
Bailey:   bailey_axe_of_yendor_kennysheep, bailey

Skill      XL: |  1  2  3  4  5  6  7  8  9 |
---------------+----------------------------+-----
Shapeshifting  | 4 5 6 7 8 10 | 10.0
Shields        | 1 |  1.3
Fighting       | 3 4 |  4.0
Staves         | 2 3 |  3.3
Dodging        | |  2.0
Unarmed Combat | |  3.0

Action                     |  1- 3 |  4- 6 |  7- 9 || total
---------------------------+-------+-------+-------++-------
  Melee: Unarmed           |    38 |     6 |       ||    44
         Constrict         |    11 |    19 |    23 ||    53
         Tentacles         |    10 |    13 |    26 ||    49
         Punch             |     4 |     2 |     3 ||     9
         Quarterstaff      |       |    60 |   128 ||   188
         Maw               |       |       |    18 ||    18
   Fire: Sling             |       |     9 |       ||     9
    Use: Scroll            |       |     5 |       ||     5
         Potion            |       |     1 |       ||     1
   Stab: Sleeping          |     7 |     2 |     4 ||    13
 Armour: Skin              |    14 |    34 |    92 ||   140
  Dodge: Dodged            |    14 |    32 |   112 ||   158
   Form: Maw               |       |       |     1 ||     1

Table legend: (Time is in decaauts)
 A = Elapsed time spent in this place.
 B = Non-inter-level travel time spent in this place.
 C = Inter-level travel time spent in this place.
 D = Time resting spent in this place.
 E = Time spent auto-exploring this place.
 F = Levels seen in this place.
 G = Mean time per level.
                   A        B        C        D        E       F      G
               +--------+--------+--------+--------+--------+-----+--------+
         Total |   5389 |   5264 |    125 |    852 |   3375 |   9 |  598.8 |
       Dungeon |   5176 |   5051 |    125 |    725 |   3335 |   7 |  739.4 |
        Temple |      1 |      1 |      0 |      0 |      0 |   1 |    1.0 |
        Bailey |    211 |    211 |      0 |    127 |     40 |   1 |  211.0 |
               +--------+--------+--------+--------+--------+-----+--------+

Top non-repeatable levels by time:
     D:6: 1315 daAuts
     D:5: 1068 daAuts
     D:4: 1026 daAuts
     D:1: 713 daAuts
     D:3: 622 daAuts
     D:2: 226 daAuts
  Bailey: 211 daAuts
     D:7: 204 daAuts
  Temple: 1 daAuts
